 Dungeon Crawl Stone Soup version 0.20.1-1-g8b1a95d (webtiles) character file.

21 Energizer the Digger (level 2, -5/16 HPs)
             Began as a Gargoyle Earth Elementalist on July 19, 2017.
             Killed from afar by Natasha (7 damage)
             ... with a magic dart
             ... on level 1 of the Dungeon.
             The game lasted 00:02:52 (656 turns).

Energizer the Digger (Gargoyle Earth Elementalist)   Turns: 656, Time: 00:02:53

Health: -5/16      AC:  4    Str: 11    XL:     2   Next: 87%
Magic:  2/5        EV: 12    Int: 15    God:
Gold:   21         SH:  0    Dex: 10    Spells: 4/5 levels left

rFire    . . .     SeeInvis .   g - +0 club
rCold    . . .     Gourm    .   (no shield)
rNeg     + . .     Faith    .   c - +0 robe
rPois    ∞         Spirit   .   (no helmet)
rElec    +         Reflect  .   (no cloak)
rCorr    .         Harm     .   (no gloves)
MR       .....                  (no boots)
Stlth    ++........             (no amulet)
Regen    0.1/turn               (no ring)
MPRegen  0.1/turn               (no ring)

@: slowed, very slow
A: negative energy resistance 1, electricity resistance, unbreathing,
petrification resistance, rot immunity, AC +2
a: no special abilities


You were on level 1 of the Dungeon.
You were not hungry.

You visited 1 branch of the dungeon, and saw 2 of its levels.

You collected 21 gold pieces.

Inventory:

Hand Weapons
 g - a +0 club (weapon)
Missiles
 b - 52 stones
 r - 2 javelins (quivered)
Armour
 c - a +0 robe (worn)
 p - a +0 troll leather armour
Jewellery
 h - an uncursed ring of protection from cold {unknown}
Scrolls
 a - a scroll of amnesia {unknown}
 k - a scroll of magic mapping {unknown}
 l - a scroll of recharging {unknown}
 m - a scroll of fear {unknown}
 n - a scroll of enchant armour {unknown}
Potions
 i - a potion of brilliance {unknown}
 j - 2 potions of cancellation {unknown}
 o - 2 potions of lignification {unknown}
Books
 e - a book of Geomancy

   Spells                             Type                      Level
   a - Sandblast                      Earth                        1
   b - Passwall                       Transmutation/Earth          2
   c - Stone Arrow                    Conjuration/Earth            3
   d - Petrify                        Transmutation/Earth          4
   e - Lee's Rapid Deconstruction     Earth                        5
Comestibles
 d - a bread ration
 f - 3 chunks of flesh
 q - a royal jelly


   Skills:
 + Level 1.3 Fighting
 + Level 0.9 Armour
 + Level 1.6 Dodging
 - Level 2.1 Stealth
 + Level 2.3 Spellcasting
   Level 0.7 Transmutations
 + Level 3.8 Earth Magic


You had 4 spell levels left.
You knew the following spells:

 Your Spells              Type           Power        Failure   Level  Hunger
a - Sandblast             Erth           ##....       4%          1    #......


Dungeon Overview and Level Annotations

Branches:
Dungeon (2/15)

Altars:

Annotations:
D:1 Natasha


Innate Abilities, Weirdness & Mutations

You are resistant to torment.
Your stone body is resilient. (AC +2)
You are immune to poison.
You resist negative energy. (rN+)
You are resistant to electric shocks. (rElec)
You can survive without breathing.
You are immune to petrification.
You are immune to rotting.


Message History

There is a stone staircase leading up here.
Natasha casts a spell at you. You resist with significant effort.
Natasha casts a spell.
You climb upwards.
The crimson imp disappears in a puff of smoke!
The shadow imp disappears in a puff of smoke!
The white imp disappears in a puff of smoke!
There is a stone staircase leading down here.
Casting: Sandblast
Confirm with . or Enter, or press ? or * to list all spells.
Aiming: Sandblast
Press: ? - help, Shift-Dir - straight line, f - Natasha
Aim: Natasha (lightly wounded)
The blast of sand hits Natasha.
Natasha is moderately wounded.
b - 52 stones Natasha stares at you and mumbles some strange words.
The magic dart hits you!
You die...

..# #.....# #.# .)# #.##### #%#
.÷########### #.# #.####
............###### #.#### #.....
###########.#....# #....# ####..
# ######.#....# ####.# #.# #
#....#......# #)##### #.#
######....##.....######.....###.#
........[.......@#...##.......#..
..####....###.##h#.#.##.......###
..# #....# #.##...#.##.......#
..# ###### #.##.###.##.......#
### #..#.# #.##.......# ##.#.#
#.##...)..## #.#.# #.#...#####
#...# #.#...# ##..# #.#...#


You could see Natasha.

Vanquished Creatures
  A dart slug (D:1)
  4 goblins
  3 hobgoblins (D:1)
  3 kobolds (D:1)
  A ball python (D:1)
  4 bats (D:1)
  A frilled lizard (D:1)
  2 rats (D:1)
19 creatures vanquished.

Notes
Turn   | Place    | Note
-------+----------+-------------------------------------------
     0 | D:1      | Energizer the Gargoyle Earth Elementalist began the quest for the Orb.
     0 | D:1      | Reached XP level 1. HP: 10/10 MP: 3/3
   125 | D:1      | Reached skill level 1 in Fighting
   125 | D:1      | Reached XP level 2. HP: 15/16 MP: 5/5
   634 | D:2      | Noticed Natasha
   645 | D:2      | Noticed a crimson imp
   656 | D:1      | Killed from afar by Natasha

Skill      XL: |  1 |
---------------+----+-----
Fighting       | 1 |  1.3
Armour         | |  0.9
Dodging        | |  1.6
Stealth        | |  2.1
Spellcasting   | |  2.3
Transmutations | |  0.7
Earth Magic    | |  3.8

Action                   || total
-------------------------++-------
Melee: Club              ||    59
       Unarmed           ||     2
 Cast: Sandblast         ||     8
Armor: Robe              ||    24
Dodge: Dodged            ||    51
